 Dungeon Crawl Stone Soup version 0.28.0-45-g0d030f2227 (webtiles) character file.

Game seed: 10568720241292819785

49 seaoflcl the Grasshopper (level 4, 0/33 HPs)
             Began as a Human Warper on Apr 23, 2022.
             Slain by a worm (4 damage)
             ... on level 2 of the Dungeon.
             The game lasted 00:02:28 (1971 turns).

seaoflcl the Grasshopper (Human Warper)             Turns: 1971, Time: 00:02:29

Health: 0/33       AC:  5    Str: 11    XL:     4   Next: 2%
Magic:  7/7        EV: 12    Int: 16    God:
Gold:   52         SH:  0    Dex: 12    Spells: 5/7 levels left

rFire   . . .      SeeInvis .   a - +0 falchion
rCold   . . .      Faith    +   (no shield)
rNeg    . . .      Spirit   .   b - +0 leather armour
rPois   .          Reflect  .   g - +1 helmet
rElec   .          Harm     .   (no cloak)
rCorr   .          Rampage  .   (no gloves)
Will    .....                   (no boots)
Stlth   +.........              e - amulet of faith
HPRegen 0.11/turn               (no ring)
MPRegen 0.10/turn               (no ring)

@: no status effects
A: no striking features
a: no special abilities


You were on level 2 of the Dungeon.
You visited 1 branch of the dungeon, and saw 2 of its levels.

You collected 52 gold pieces.

Inventory:

Hand Weapons
 a - a +0 falchion (weapon)
Missiles
 d - 5 boomerangs of dispersal (quivered)
Armour
 b - a +0 leather armour (worn)
 g - a +1 helmet (worn)
Jewellery
 e - an amulet of faith (around neck)
Scrolls
 c - a scroll of blinking
 f - a scroll of identify {unknown}
 h - a scroll of vulnerability {unknown}
 i - a scroll of torment {unknown}
 k - a scroll of fear {unknown}
Potions
 j - a potion of might {unknown}


   Skills:
 + Level 2.1 Fighting
 + Level 2.8 Long Blades
 + Level 1.0 Throwing
 + Level 1.7 Armour
 + Level 2.3 Dodging
 + Level 2.0 Spellcasting
 + Level 3.4 Translocations


You had 5 spell levels left.
You knew the following spells:

 Your Spells              Type           Power      Damage    Failure   Level
a - Blink                 Tloc           24%        N/A       10%         2

Your spell library contained the following spells:

 Spells                   Type           Power      Damage    Failure   Level
 Gell's Gravitas          Tloc           12%        N/A       21%         3
 Lesser Beckoning         Tloc           12%        N/A       21%         3
 Teleport Other           Tloc           12%        N/A       21%         3
 Portal Projectile        Hex/Tloc       14%        N/A       38%         3
 Manifold Assault         Tloc           12%        N/A       88%         5
 Blade Hands              Tmut           0%         N/A       100%        5
 Excruciating Wounds      Necr           0%         N/A       100%        5


Dungeon Overview and Level Annotations

Branches:
Dungeon (2/15)

Altars:

Shops:
D:2 [


Message History

You are too injured to fight recklessly!
You are too injured to fight recklessly!
You are too injured to fight recklessly!
You are too injured to fight recklessly!
You are too injured to fight recklessly!
You feel sick.
You are no longer poisoned.
The adder bites you but does no damage.
You hit the adder.
The adder is heavily wounded.
The adder bites you but does no damage. The adder barely misses you.
You miss the adder.
The adder is heavily wounded.
The adder bites you.
You hit the adder.
The adder is almost dead.
The adder bites you but does no damage. The adder bites you.
* * * LOW HITPOINT WARNING * * *
You are poisoned.
The adder poisons you!
You hit the adder.
The adder is almost dead.
You feel sick. The adder closely misses you.
You hit the adder.
You kill the adder!
You feel sick.
You have reached level 4!
You feel clever.
You slash the worm!
The worm is heavily wounded.
You feel sick.
You are no longer poisoned.
The worm bites you.
* * * LOW HITPOINT WARNING * * *
You hit the worm.
The worm is heavily wounded.
You hit the worm but do no damage.
The worm is heavily wounded.
The worm bites you.
You die...

##.##.####.......##.#
##........#........#
##......#### #.#
#.##...## ####.######
.####.## #.........# ##
#.# #.##.####.# #.#
#.##.# #.# ##+##
#.##w## #.# ##...##
#.##@.# #.# ##.....##
#.###.# #.# ##.......##
#.#.#.###.#
#.........###.........#
'.........'...........#
#........>####....###.#
##.......## ##.#.# #.#
##.....## #.#.# #.#
##...## #.#.# #.#


You could see a worm.

Vanquished Creatures
  2 adders (D:2)
  4 bats
  3 endoplasms
  2 giant cockroaches (D:1)
  A goblin (D:2)
  A hobgoblin (D:1)
  4 jackals (D:1)
  A quokka (D:1)
  5 ball pythons (D:1)
  2 frilled lizards (D:1)
  4 rats
29 creatures vanquished.

Notes
Turn   | Place    | Note
-------+----------+-------------------------------------------
     0 | D:1      | seaoflcl the Human Warper began the quest for the Orb.
     0 | D:1      | Reached XP level 1. HP: 16/16 MP: 3/3
   331 | D:1      | Reached XP level 2. HP: 22/22 MP: 5/5
   694 | D:1      | Noticed a great orb of eyes
   817 | D:1      | Reached XP level 3. HP: 24/27 MP: 6/6
   860 | D:1      | Noticed a golden eye
   865 | D:1      | Found a faded altar of an unknown god.
   866 | D:1      | Noticed an eye of devastation
   866 | D:1      | Noticed an eye of devastation
  1329 | D:2      | Found Vesu Mioku's Armour Emporium.
  1349 | D:2      | Learned a level 2 spell: Blink
  1969 | D:2      | Reached XP level 4. HP: 6/33 MP: 7/7
  1971 | D:2      | Slain by a worm

Illustrated notes

Levels and vault maps discovered:
D:1:      lemuel_arrival_rhombus, layout_basic,
          hellmonk_ecumenical_altar_watching_god
D:2:      layout_loops_corners, serial_shops, nicolae_square_shop

Action                   |  1- 3 |  4- 6 || total
-------------------------+-------+-------++-------
Melee: Falchion          |   135 |     3 ||   138
Armor: Leather armour    |    64 |       ||    64
Dodge: Dodged            |   114 |       ||   114
